 Dungeon Crawl Stone Soup version 0.30-a0-385-gfebfb9b408 (webtiles) character file.

Game seed: 15471551548731734309

147 flotson the Sneak (level 5, -1/42 HPs)
             Began as a Demonspawn Delver on Dec 3, 2022.
             Killed from afar by Ijyb (18 damage)
             ... with a bolt of acid
             ... on level 2 of the Dungeon.
             The game lasted 00:04:56 (2020 turns).

flotson the Sneak (Demonspawn Delver)               Turns: 2020, Time: 00:04:57

Health: -1/42      AC:  0    Str: 15    XL:     5   Next: 7%
Magic:  5/5        EV: 12    Int: 14    God:
Gold:   131        SH:  0    Dex: 20    Spells: 4/4 levels left

rFire   . . .      SeeInvis .    a - +0 spear
rCold   + . .      Faith    .    (no shield)
rNeg    . . .      Spirit   .    x - +2 ring mail "Neotser" {rElec Int+3}
rPois   .          Reflect  .    (no helmet)
rElec   +          Harm     .    (no cloak)
rCorr   .          Rampage  .    (no gloves)
Will    .....                    (no boots)
Stlth   +++.......               (no amulet)
HPRegen 0.27/turn                j - +6 ring of dexterity
MPRegen 0.18/turn                s - ring of protection from cold

@: corroded
A: magic regeneration, sharp scales 1
a: no special abilities


You were on level 2 of the Dungeon.
You visited 1 branch of the dungeon, and saw 5 of its levels.

You collected 131 gold pieces.

Inventory:

Hand Weapons
 a - a +0 spear (weapon)
Missiles
 b - 3 datura-tipped darts (quivered)
 e - 6 boomerangs
 m - 4 javelins
Armour
 x - the +2 ring mail "Neotser" (worn) {rElec Int+3}
   (You found it on level 2 of the Dungeon)

   Int:       It affects your intelligence (+3).
   rElec:     It insulates you from electricity.
Jewellery
 j - a +6 ring of dexterity (left hand)
 s - a ring of protection from cold (right hand)
 w - a ring of flight
Wands
 g - a wand of digging (9)
Scrolls
 c - a scroll of fog
 d - 2 scrolls of magic mapping
 f - 4 scrolls of identify {unknown}
 l - a scroll of butterflies {unknown}
 p - 3 scrolls of teleportation {unknown}
 v - 3 scrolls of noise {unknown}
Potions
 i - a potion of flight {unknown}
 k - 2 potions of ambrosia {unknown}
 n - a potion of haste
 o - a potion of brilliance {unknown}
 q - a potion of attraction {unknown}
 r - a potion of curing {unknown}
 t - a potion of magic {unknown}
 u - a potion of cancellation {unknown}


   Skills:
 + Level 3.8 Fighting
 - Level 1.7 Polearms
 + Level 0.7 Throwing
 + Level 1.6 Armour
 + Level 2.5 Dodging
 - Level 5.0 Stealth
 + Level 1.8 Evocations


You had 4 spell levels left.
You didn't know any spells.
Your spell library contained the following spells:

 Spells                   Type           Power      Damage    Failure   Level
 Summon Small Mammal      Summ           0%         N/A       50%         1
 Call Canine Familiar     Summ           0%         N/A       86%         3
 Kindle Blastsparks       Fire/Tloc/Air  0%         2d10      86%         3
 Summon Guardian Golem    Hex/Summ       0%         N/A       86%         3
 Fulminant Prism          Conj/Hex       0%         3d5       99%         4
 Iskenderun's Mystic Bla  Conj/Tloc      0%         2d3       99%         4
 Lee's Rapid Deconstruct  Erth           0%         3d4*      100%        5


Dungeon Overview and Level Annotations

Branches:
Dungeon (5/15)
 Temple: D:4-7

Altars:

Annotations:
D:2 Ijyb
D:4 Natasha


Innate Abilities, Weirdness & Mutations

You regenerate magic rapidly.
You are partially covered in razor-sharp scales. (AC +1, Slay +1)


Message History

You climb upwards.
There is a stone staircase leading down here.
You closely miss Ijyb.
Ijyb is moderately wounded.
Ijyb hits you but does no damage.
You closely miss Ijyb. You punch Ijyb.
Ijyb is moderately wounded.
Ijyb completely misses you.
You hit Ijyb.
Ijyb is heavily wounded.
Ijyb zaps a wand.
The bolt of acid hits you! The acid corrodes you!
You hit Ijyb but do no damage.
Ijyb is heavily wounded.
Ijyb barely misses you.
You hit Ijyb.
Ijyb is severely wounded.
Ijyb zaps a wand.
The bolt of acid misses you.
You hit Ijyb but do no damage.
Ijyb is severely wounded.
Ijyb hits you with a +0 dagger.
You hit Ijyb but do no damage.
Ijyb is severely wounded.
Ijyb zaps a wand.
The bolt of acid hits you. The acid corrodes you!
You are too injured to fight recklessly!
You are too injured to fight recklessly!
You are too injured to fight recklessly!
You are too injured to fight recklessly!
You are too injured to fight recklessly!
You are too injured to fight recklessly!
You hit Ijyb but do no damage.
Ijyb is severely wounded.
Ijyb screams, "Me kill you!" Ijyb barely misses you.
You hit Ijyb but do no damage.
Ijyb is severely wounded.
Ijyb hits you with a +0 dagger.
You hit Ijyb but do no damage.
Ijyb is severely wounded.
Ijyb zaps a wand.
The bolt of acid hits you!!
You die...

#########.# #..##))#..######
.###### #.#####.##..#..# ......#
#....##.##.....## ......#
####.##.#.......### ......#
#............+.###### ......#
#####........#.#....# ......#
#........#.#.##.# ......#
#g.........#.##.# ......#
#####@.........#.##.# ......#
#..........#...#.##.# ......#
#..........#...#.##.# ......#
#..........#####.##.# ......#
#..............†....#
......######.........####.###..#
###..................####.###..#
#...#..........######...#.#....#
#.#.#.#######.#######.#.#...#.##


You could see Ijyb.

Vanquished Creatures
  A howler monkey (D:4)
  A jelly (D:4)
  2 adders (D:2)
  2 dart slugs
  An orc (D:3)
  3 bats
  3 endoplasms
  3 giant cockroaches (D:1)
  5 goblins
  7 hobgoblins
  4 jackals (D:2)
  5 quokkas
  4 ball pythons
  6 frilled lizards
  7 kobolds
  4 rats
  A spectral kobold (D:1)
59 creatures vanquished.

Vanquished Creatures (others)
  A plant (D:1)
1 creature vanquished.

Grand Total: 60 creatures vanquished

Notes
Turn   | Place    | Note
-------+----------+-------------------------------------------
     0 | D:5      | flotson the Demonspawn Delver began the quest for the Orb.
     0 | D:5      | Reached XP level 1. HP: 18/18 MP: 1/1
   146 | D:4      | Noticed a howler monkey
   162 | D:4      | Killed a howler monkey
   163 | D:4      | Reached skill level 1 in Evocations
   163 | D:4      | Gained mutation: You regenerate magic rapidly. [demonic
                  | ancestry]
   163 | D:4      | Reached XP level 2. HP: 23/24 MP: 2/2
   163 | D:4      | Gained mutation: You are partially covered in razor-sharp
                  | scales. (AC +1, Slay +1) [demonic ancestry]
   163 | D:4      | Reached XP level 3. HP: 28/29 MP: 3/3
   217 | D:4      | Noticed Natasha
   218 | D:4      | Reached skill level 1 in Armour
   318 | D:3      | Reached XP level 4. HP: 32/35 MP: 4/4
  1069 | D:1      | Found a faded altar of an unknown god.
  1468 | D:2      | Reached skill level 5 in Stealth
  1543 | D:2      | Reached XP level 5. HP: 35/42 MP: 5/5
  1860 | D:2      | Identified the +2 ring mail "Neotser" {rElec Int+3}
  2007 | D:3      | Noticed Ijyb
  2020 | D:2      | Killed from afar by Ijyb

Illustrated notes

Levels and vault maps discovered:
D:1:      tarquinn_simple_flora_water_a, layout_rooms, serial_forest,
          infiniplex_forest_lined_2, infiniplex_forest_clump_diagonal,
          infiniplex_forest_lined_room_, infiniplex_forest_clump_double,
          infiniplex_forest_pool, infiniplex_forest_straight_5,
          infiniplex_forest_clump_diagonal,
          dreamdust_ecumenical_altar_drowned_temple, minmay_shallow_snake_nest
D:2:      layout_basic
D:3:      layout_loops_cross, dk_yredelemnul_ordeal, kennysheep_generic_room_11,
          uniq_ijyb
D:4:      layout_basic, kennysheep_mini, uniq_natasha
D:5:      layout_cave_pools

Skill      XL: |  1  2  3  4 |
---------------+-------------+-----
Dodging        | 2 |  2.5
Evocations     | 1 |  1.8
Armour         | 1 |  1.6
Stealth        | 5 |  5.0
Fighting       | |  3.8
Polearms       | |  1.7
Throwing       | |  0.7

Action                   |  1- 3 |  4- 6 || total
-------------------------+-------+-------++-------
Melee: Spear             |    27 |   183 ||   210
       Punch             |       |     1 ||     1
Throw: Dart              |     1 |       ||     1
  Use: Potion            |     1 |       ||     1
       Scroll            |     1 |       ||     1
 Stab: Distracted        |     1 |     1 ||     2
       Sleeping          |       |    12 ||    12
Armor: Ring mail         |     4 |    48 ||    52
Dodge: Dodged            |    12 |   119 ||   131

Table legend: (Time is in decaauts)
 A = Elapsed time spent in this place.
 B = Non-inter-level travel time spent in this place.
 C = Inter-level travel time spent in this place.
 D = Time resting spent in this place.
 E = Time spent auto-exploring this place.
 F = Levels seen in this place.
 G = Mean time per level.
                   A        B        C        D        E       F      G
               +--------+--------+--------+--------+--------+-----+--------+
         Total |   2012 |   1906 |    106 |     64 |   1326 |   5 |  402.4 |
       Dungeon |   2012 |   1906 |    106 |     64 |   1326 |   5 |  402.4 |
               +--------+--------+--------+--------+--------+-----+--------+

Top non-repeatable levels by time:
     D:2: 982 daAuts
     D:1: 681 daAuts
     D:3: 135 daAuts
     D:4: 119 daAuts
     D:5: 93 daAuts
